 Dungeon Crawl Stone Soup version 0.30-a0-218-gedb9141078 (webtiles) character file.

Game seed: 316643700800920305

103 brightshaft the Chopper (level 4, -2/28 HPs)
             Began as a Gargoyle Fighter on Oct 6, 2022.
             Slain by Terence
             ... wielding a +2 vorpal flail
              (7 damage)
             ... on level 2 of the Dungeon.
             The game lasted 00:03:18 (1656 turns).

brightshaft the Chopper (Gargoyle Fighter)          Turns: 1656, Time: 00:03:19

Health: -2/28      AC: 12    Str: 21    XL:     4   Next: 79%
Magic:  4/4        EV:  7    Int:  9    God:
Gold:   86         SH:  4    Dex:  9    Spells: 3/3 levels left

rFire   . . .      SeeInvis .    a - +0 war axe
rCold   . . .      Faith    .    c - +0 buckler
rNeg    + . .      Spirit   .    e - +0 chain mail
rPois   ∞          Reflect  .    (no helmet)
rElec   +          Harm     .    (no cloak)
rCorr   +          Rampage  .    (no gloves)
Will    .....                    (no boots)
Stlth   ..........               (no amulet)
HPRegen 0.24/turn                g - ring of resist corrosion
MPRegen 0.09/turn                (no ring)

@: mighty
A: sickness immunity, AC +3, negative energy resistance 1, electricity
resistance, torment resistance 1, petrification resistance
a: no special abilities


You were on level 2 of the Dungeon.
You visited 1 branch of the dungeon, and saw 2 of its levels.

You collected 86 gold pieces.

Inventory:

Hand Weapons
 a - a +0 war axe (weapon)
Armour
 c - a +0 buckler (worn)
 e - a +0 chain mail (worn)
Jewellery
 g - a ring of resist corrosion (left hand)
Scrolls
 h - a scroll of fog {unknown}
 i - a scroll of magic mapping {unknown}
 j - 2 scrolls of teleportation {unknown}
 k - 3 scrolls of identify {unknown}
 m - a scroll of vulnerability {unknown}
Potions
 f - a potion of magic {unknown}
 l - a potion of degeneration {unknown}


   Skills:
 - Level 3.2 Fighting
 + Level 4.4 Axes
 - Level 3.2 Armour
 - Level 3.2 Shields


You had 3 spell levels left.
You didn't know any spells.
Your spell library contained the following spells:

 Spells                   Type           Power      Damage    Failure   Level
 Stone Arrow              Conj/Erth      0%         3d7       100%        3
 Borgnjor's Vile Clutch   Necr/Erth      0%         N/A       100%        5
 Iron Shot                Conj/Erth      0%         9d1       100%        6
 Statue Form              Tmut/Erth      Unusable   N/A       N/A         6

Dungeon Overview and Level Annotations

Branches:
Dungeon (2/15)

Altars:

Shops:
D:2 =

Annotations:
D:2 Terence


Innate Abilities, Weirdness & Mutations

You are immune to sickness and miasma.
Your stone body is resilient. (AC +3)
You are immune to poison.
You resist negative energy. (rN+)
You are resistant to electric shocks. (rElec)
You are resistant to unholy torment.
You are immune to petrification.


Message History

Things that are here:
a +0 club; a +0 sling
There is a fountain of clear blue water here.
There is an open door here.
You see here a bat corpse.
You see here a +0 hand axe.
Terence the Incautious comes into view.
He is wielding a +2 vorpal flail.
Found the Unrestrained Analects.
You slash Terence!
Terence is heavily wounded.
Terence hits you with a +2 vorpal flail.
You barely miss Terence.
Terence is heavily wounded.
Terence drinks a potion.
Terence is healed!
Terence hits you with a +2 vorpal flail.
You are too injured to fight recklessly!
You are too injured to fight recklessly!
You are too injured to fight recklessly!
You feel very mighty all of a sudden. Terence barely misses you.
You barely miss Terence.
Terence hits you with a +2 vorpal flail.
You hit Terence but do no damage. You block Terence's attack.
You hit Terence.
Terence is moderately wounded.
Terence hits you with a +2 vorpal flail.
* * * LOW HITPOINT WARNING * * *
x2 You block Terence's attack.
You barely miss Terence.
Terence is moderately wounded.
Terence hits you but does no damage. Terence attacks as you move away!
Terence hits you but does no damage.
You hit Terence but do no damage.
Terence is lightly wounded.
Terence hits you with a +2 vorpal flail.
* * * LOW HITPOINT WARNING * * *
x2 You slash Terence!
Terence is almost dead.
Terence hits you with a +2 vorpal flail!
You die...

##...............
#.############## #.#
#.## #.)# ##.#####
### #.....# ###
##.###.###.###.##
##.@@............####
#..##.###.###.##.....
##.#........†..#.####
#...##.###.##...#
#.#.#.......#.#.## #
#..#...##.##...#..# #
##.#.#.#...#.#.#.#.##
#...#...#...#...#.##
#.#.#.#...#†#.#.#.##


You could see Terence.

Vanquished Creatures
  Jessica (D:2)
  2 adders (D:2)
  2 dart slugs (D:1)
  3 bats
  4 endoplasms
  3 giant cockroaches (D:1)
  6 goblins
  5 hobgoblins
  6 kobolds
  4 quokkas (D:1)
  4 ball pythons
  5 frilled lizards
  9 rats
54 creatures vanquished.

Vanquished Creatures (others)
  5 plants (D:1)
5 creatures vanquished.

Grand Total: 59 creatures vanquished

Notes
Turn   | Place    | Note
-------+----------+-------------------------------------------
     0 | D:1      | brightshaft the Gargoyle Fighter began the quest for the
                  | Orb.
     0 | D:1      | Reached XP level 1. HP: 14/14 MP: 1/1
    44 | D:1      | Reached skill level 2 in Axes
    96 | D:1      | Reached XP level 2. HP: 19/19 MP: 2/2
   121 | D:1      | Found a faded altar of an unknown god.
   351 | D:1      | Reached skill level 3 in Axes
   359 | D:1      | Reached XP level 3. HP: 18/23 MP: 3/3
  1005 | D:2      | Found Koamno Iddi's Jewellery Shop.
  1050 | D:2      | Reached XP level 4. HP: 28/28 MP: 4/4
  1315 | D:2      | Noticed Jessica
  1320 | D:2      | Killed Jessica
  1321 | D:2      | Reached skill level 4 in Axes
  1387 | D:2      | Got the Volume of the Boulder
  1642 | D:2      | Noticed Terence
  1656 | D:2      | Slain by Terence

Illustrated notes

Levels and vault maps discovered:
D:1:      dpeg_arrival_stone_temple_mockup, layout_loops_ring, serial_forest,
          infiniplex_forest_end_2, infiniplex_forest_lined_room_,
          infiniplex_forest_lined_3, infiniplex_forest_lined_corner,
          infiniplex_forest_clump_long, infiniplex_forest_clump_tiny,
          infiniplex_forest_straight_2, infiniplex_forest_clump_C,
          hellmonk_ecumenical_altar_run_dry
D:2:      cheibrodos_old_hovel, layout_loops_ring, serial_shops, shop,
          minmay_statues_item, grunt_ministairs_11, kennysheep_cross_bottleneck,
          nicolae_concentric_dashed_squares_mild, grunt_decor_fettered,
          minmay_tetromino_l4, uniq_terence, uniq_jessica

Skill      XL: |  1  2  3  4 |
---------------+-------------+-----
Axes           | 2 3 4 |  4.4
Fighting       | |  3.2
Armour         | |  3.2
Shields        | |  3.2

Action                   |  1- 3 |  4- 6 || total
-------------------------+-------+-------++-------
Melee: War axe           |   121 |    43 ||   164
  Use: Potion            |       |     1 ||     1
Armor: Scale mail        |    15 |       ||    15
       Chain mail        |    65 |    23 ||    88
Dodge: Dodged            |    45 |    11 ||    56
Block: Buckler           |    26 |    10 ||    36

Table legend: (Time is in decaauts)
 A = Elapsed time spent in this place.
 B = Non-inter-level travel time spent in this place.
 C = Inter-level travel time spent in this place.
 D = Time resting spent in this place.
 E = Time spent auto-exploring this place.
 F = Levels seen in this place.
 G = Mean time per level.
                   A        B        C        D        E       F      G
               +--------+--------+--------+--------+--------+-----+--------+
         Total |   1717 |   1672 |     45 |      0 |   1286 |   2 |  858.5 |
       Dungeon |   1717 |   1672 |     45 |      0 |   1286 |   2 |  858.5 |
               +--------+--------+--------+--------+--------+-----+--------+

Top non-repeatable levels by time:
     D:1: 1031 daAuts
     D:2: 686 daAuts
